Map: 카이로스 정션 - 래더

Players

Scarlett

  • Race: Zerg Zerg
  • Spawn Location: 11:00

True - Winner!

  • Race: Zerg Zerg
  • League: Grandmaster
  • Spawn Location: 5:00

Event: IEM Season 13 - Katowice Server Qualifiers America

VOD

Have the link to the VOD?

Description

Time

  • Played on: Jan. 6, 2019, 4:51 p.m.
  • Length: 5:07

All games in this series

Show
View Real Time Build Order
Export as new Build Order

Scarlett Zerg 

Build Orders: Pool First 

Get SALT Encoding   

  12  0:16  Spawning Pool  
  11  0:21  Drone  
  11  0:26  Drone  
  13  0:31  Drone  
  14  0:39  Overlord  
  14  1:03  Zergling x4  
  16  1:05  Zergling x2  
  17  1:14  Hatchery  
  17  1:18  Zergling x2  
  17  1:27  Zergling x2  
  18  1:33  Queen  
  18  1:38  Drone  
  21  1:49  Overlord  
  21  1:58  Drone  
  22  2:09  Queen  
  22  2:13  Drone  
  21  2:27  Queen  
  22  2:33  Drone x3  
  25  2:38  Overlord  
  25  2:43  Zergling x2  
  25  2:44  Zergling x4  
  28  2:49  Drone  
  28  2:50  Drone  
  29  3:07  Drone x3  
  29  3:08  Extractor  
  29  3:17  Zergling x10  
  34  3:24  Queen  
  37  3:31  Overlord  
  37  3:39  Zergling x6  
  40  3:47  Overlord  
  40  3:49  Zergling x6  
  40  3:54  Overlord  
  40  3:55  Zergling x2  
  44  4:04  Queen  
  44  4:07  Zergling x4  
  48  4:20  Zergling x12  
  54  4:27  Overlord  
  52  4:49  Zergling x20  
Show
View Real Time Build Order
Export as new Build Order

True Zerg - Winner!

Build Orders: Hatch First 

Get SALT Encoding   

  12  0:00  Drone  
  13  0:12  Overlord  
  13  0:17  Drone  
  14  0:30  Drone x2  
  14  0:34  Drone  
  17  0:50  Hatchery  
  17  0:54  Drone  
  17  1:07  Spawning Pool  
  17  1:09  Extractor  
  15  1:12  Drone  
  15  1:14  Drone  
  15  1:18  Drone  
  18  1:53  Zergling x6  
  21  2:02  Queen x2, Zergling x2  
  21  2:05  Zergling x2  
  27  2:14  Zergling x2  
  27  2:16  Zergling x2  
  28  2:28  Overlord  
  28  2:45  Overlord  
  28  2:46  Drone x2  
  28  2:47  Drone x2  
  28  2:48  Queen  
  34  2:56  Drone  
  35  3:00  Drone  
  36  3:09  Drone  
  36  3:11  Drone  
  35  3:18  Drone  
  36  3:20  Drone  
  37  3:32  Hatchery, Drone x2  
  38  3:40  Metabolic Boost  
  38  3:44  Overlord  
  38  3:46  Drone  
  39  3:49  Drone  
  39  3:52  Drone x3  
  43  4:00  Overlord  
  43  4:04  Drone x3  
  43  4:05  Baneling Nest, Drone  
  43  4:06  Drone  
  47  4:10  Extractor  
  47  4:16  Zergling x4  
  48  4:17  Zergling x2  
  48  4:18  Zergling x2  
  50  4:25  Zergling x2  
  50  4:26  Zergling x2  
  52  4:32  Zergling x2  
  52  4:36  Evolution Chamber, Zergling x2  
  52  4:37  Zergling x4  
  51  4:39  Zergling x2  
  51  4:45  Zergling x8  
  56  4:50  Zergling x2  

Tags
 
Add a new tag
Caveats
  • Supply blocks, unpowered buildings, or Contaminate may cause inaccurate times.
  • Supply counts are checked every 10 seconds.